 Dungeon Crawl Stone Soup version 0.31-a0-1603-gbec6b6ccbf (webtiles) character file.

Game seed: 3153840203481619192

8584 Xavori the Ducker (level 11, -13/79 HPs)
             Began as a Djinni Chaos Knight on Jan 7, 2024.
             Was a Plaything of Xom.
             Mangled by an orc warlord
             ... wielding a +5 battleaxe
              (30 damage)
             ... in a bailey.
             The game lasted 00:12:38 (12493 turns).

Xavori the Ducker (Djinni Chaos Knight)            Turns: 12493, Time: 00:12:39

Health: -13/79     AC:  9    Str: 13    XL:     11   Next: 58%
Gold:   212        EV: 19    Int:  8    God:    Xom [..*...] SH: 15 Dex: 36

rFire   + + .        I - +6 double sword of Deformation {flame, Int-3 Dex+6}
rCold   x . .        q - +1 kite shield "Miwnedio" {rPois rN+}
rNeg    + . .        b - +2 leather armour
rPois   ∞            (helmet restricted)
rElec   +            k - +0 cloak
rCorr   .            l - +0 pair of gloves
SInv    +            (boots unavailable)
Will    ++...        (no amulet)
Stlth   +++          o - +6 ring of dexterity
HPRegen 0.33/turn    C - ring "Qorhy" {rElec rPois Slay+3 SInv Stlth+}
MPRegen 0.00/turn

%: clarity, infuse magic (-14 HP)
@: flying
A: sickness immunity, fire resistance 2, cold vulnerability 1, float, innate
caster, HP casting, extra vitality 1, antennae 1, claws 1, agile 2, clarity,
deterioration 1, strong-willed 1, shaggy fur 1, strong 1, wild magic 1
a: Renounce Religion


You were in a bailey.
You worshipped Xom.
You were a toy of Xom.
You visited 1 branch of the dungeon, and saw 9 of its levels.
You also visited: Bailey.

You collected 1196 gold pieces.
You spent 984 gold pieces at shops.

Inventory:

Hand Weapons
 I - the +6 double sword of Deformation (weapon) {flame, Int-3 Dex+6}
   (You bought it in a shop on level 4 of the Dungeon)

   Int-3:     It affects your intelligence (-3).
   Dex+6:     It affects your dexterity (+6).
Armour
 b - a +2 leather armour (worn)
 k - a +0 cloak (worn)
 l - a +0 pair of gloves (worn)
 q - the +1 kite shield "Miwnedio" (worn) {rPois rN+}
   (You found it on level 2 of the Dungeon)

   rPois:     It protects you from poison rN+: It protects you from negative
   energy.
Jewellery
 a - a ring of willpower
 o - a +6 ring of dexterity (left hand)
 u - a ring of ice
 y - a ring of ice
 B - a ring of resist corrosion
 C - the ring "Qorhy" (right hand) {rElec rPois Slay+3 SInv Stlth+}
   (You acquired it on level 7 of the Dungeon)

   [ring of see invisible]

   Slay+3:    It affects your accuracy & damage with ranged weapons and melee
   (+3).
   rElec:     It insulates you from electricity.
   rPois:     It protects you from poison SInv: It lets you see invisible.
   Stlth+:    It makes you more stealthy.
 E - the ring "Syfun" {Ice rPois}
   (You found it on level 9 of the Dungeon)

   [ring of ice]

   Ice:       It enhances your ice magic.
   rF-:       It makes you vulnerable to fire.
   rC+:       It protects you from cold.
   rPois:     It protects you from poison
Wands
 D - a wand of paralysis (12)
 F - a wand of polymorph (7)
Scrolls
 c - a scroll of butterflies
 d - 2 scrolls of amnesia {unknown}
 f - 4 scrolls of fog
 h - a scroll of noise {unknown}
 j - 2 scrolls of fear
 m - 3 scrolls of poison {unknown}
 p - 3 scrolls of teleportation
 r - a scroll of summoning
 t - a scroll of immolation {unknown}
 v - a scroll of enchant weapon {unknown}
 w - 4 scrolls of revelation {unknown}
 z - a scroll of brand weapon
 A - a scroll of vulnerability
 G - 2 scrolls of enchant armour
Potions
 e - 3 potions of mutation
 g - a potion of lignification
 i - 2 potions of brilliance
 n - 3 potions of curing
 s - 2 potions of might {unknown}
 x - a potion of heal wounds
 H - 3 potions of resistance {unknown}
 J - a potion of berserk rage {unknown}
 K - a potion of haste {unknown}


   Skills:
 + Level 7.3 Fighting
 + Level 6.7 Long Blades
 + Level 6.7 Armour
 + Level 7.6 Dodging
 + Level 6.4 Shields
 * Level 6.5 Spellcasting
 * Level 6.5 Conjurations
 * Level 6.5 Hexes
   Level 0.0 Charms
 * Level 6.5 Summonings
 * Level 6.5 Necromancy
 * Level 6.5 Translocations
   Level 0.0 Transmutations
 * Level 6.5 Fire Magic
 * Level 6.5 Ice Magic
 * Level 6.5 Air Magic
 * Level 6.5 Earth Magic
 * Level 6.5 Alchemy
 + Level 2.2 Evocations


You knew the following spells:

 Your Spells              Type           Power      Damage    Failure   Level
a - Sandblast             Erth           34%        2d9       9%          1
b - Call Imp              Summ           34%        N/A       13%         2
c - Volatile Blastmotes   Fire/Tloc      34%        2d12      24%         3
d - Ozocubu's Armour      Ice            17%        N/A       24%         3
e - Fireball              Conj/Fire      8%         3d6       88%         5
Your spell library was empty.

Dungeon Overview and Level Annotations

Branches:
Dungeon (9/15)             Temple (0/1) D:6          Bailey (1/1)
   Lair: D:8-11         Orc: D:9-12

Altars:
Ashenzari
Cheibriados
Dithmenos
Elyvilon
Makhleb
Nemelex Xobeh
Ru
Yredelemnul

Shops:
D:4 [[([


Innate Abilities, Weirdness & Mutations

You are immune to sickness and miasma.
You are immune to poison.
Your flesh is very heat resistant. (rF++)
You are vulnerable to cold. (rC-)
You float through the air rather than walking.
You learn spells naturally, not from books.
Your magical power is your life essence.
You have superior vitality. (+4 MHP)
You have a pair of small antennae on your head.
You have sharp fingernails.
You are very agile. (Dex +8, Str/Int -2)
You possess an exceptional clarity of mind.
Your body sometimes deteriorates upon taking damage.
You are strong-willed. (Will+)
You are covered in fur. (AC +1)
Your muscles are strong. (Str +4, Int/Dex -1)
Your spells are a little harder to cast, but a little more powerful.


Message History

Your +0 hand axe hits the orc warlord but does no damage.
The orc warlord attacks as it pursues you!
The orc warlord closely misses you.
The orc warlord hits your +0 hand axe with a +5 battleaxe!
Your cerulean imp barely misses the orc warlord.
Your +0 hand axe hits the orc warlord!!
You slash the orc warlord! You burn the orc warlord.
The orc warlord is moderately wounded.
Your +0 hand axe hits the orc warlord!!
You block the orc warlord's attack.
The orc warlord hits your +0 hand axe with a +5 battleaxe!
Your cerulean imp closely misses the orc warlord.
Your +0 hand axe hits the orc warlord.
You block the orc warlord's attack.
The orc warlord hits your +0 hand axe with a +5 battleaxe!
Your +0 hand axe falls from the air.
You hit the orc warlord. You burn the orc warlord.
The orc warlord is severely wounded.
Your cerulean imp hits the orc warlord but does no damage.
Your cerulean imp closely misses the orc warlord.
Unknown command.
The orc warlord hits your cerulean imp with a +5 battleaxe!!
Your cerulean imp dies!
Your cerulean imp disappears in a puff of smoke!
You block the orc warlord's attack.
There is an open door, spattered with blood here.
Items here: $ )) [[.
You catch the helpless orc warlord completely off-guard!
You slice the orc warlord!! You burn the orc warlord!
The orc warlord is almost dead.
You block the orc warlord's attack.
The orc warlord hits you with a +5 battleaxe!!
You hit the orc warlord but do no damage.
The orc warlord is severely wounded.
The orc warlord hits you with a +5 battleaxe!!!
* * * LOW HITPOINT WARNING * * *
Unknown command.
You hit the orc warlord. You burn the orc warlord.
The orc warlord is almost dead.
The orc warlord hits you with a +5 battleaxe!!
You die...
Xom roars with laughter!

..........#...........#
..........#...........#
.).......###.........###
)#.....###.###.....#'#.###
)###.###
....###.###))...### ...###
......###..)......## ....#
......##8...)......# ....#
.......#8..........# ....#
.......@.....⌠....∩# ....#
......o#8..........# ....#
......##8..........#
...###
......###....))...##
.###.###
...[###.###.....###
'#.....###.###....)#'#.###
.).......###......)..###
..........#.......))..#
..........#...........#


You could see an orc warlord.

Vanquished Creatures
  A death yak (D:9)
  Joseph (D:7)
  The ghost of ChongLi the Slicer, a novice VSBr of Uskayaw (D:6)
  An unseen horror (D:8)
  A raiju (D:5)
  7 yaks
  2 wyverns (D:7)
  Edmund (D:4)
  2 water moccasins (D:7)
  Duvessa (D:7)
  2 black bears
  10 orc warriors
  2 centaurs
  2 kobold brigands
  2 bullfrogs (D:6)
  A gnoll sergeant (D:7)
  2 scorpions
  2 water moccasin zombies (D:6)
  12 wights
  14 killer bees
  A bullfrog zombie (D:6)
  A centaur zombie (D:6)
  2 jellies
  An orc priest (D:7)
  4 hounds
  A sleepcap (D:5)
  An iguana (D:6)
  10 orc wizards
  11 gnolls
  8 adders
  A river rat (D:9)
  2 shadow imps
  2 white imps
  3 dart slugs
  2 ribbon worms (D:2)
  25 orcs
  7 ball pythons
  8 endoplasms
  A giant cockroach (D:2)
  17 goblins
  16 hobgoblins
  A quokka (D:2)
  8 bats
  2 frilled lizards (D:3)
  16 kobolds
  7 rats
225 creatures vanquished.

Vanquished Creatures (collateral kills)
  Erica (D:8)
  3 orc warriors (Bailey)
  An ogre (D:6)
  2 scorpions
  A killer bee (D:8)
  2 bullfrog zombies (D:6)
  A centaur zombie (D:6)
  A hound (D:6)
  An orc priest (D:6)
  A gnoll bouda (D:6)
  A bullfrog skeleton (D:6)
  An orc wizard (D:6)
  A howler monkey zombie (D:6)
  6 gnolls
  A shadow imp (D:7)
  5 orcs
29 creatures vanquished.

Vanquished Creatures (others)
  A dancing weapon (Bailey)
  2 killer bees (D:8)
  A gnoll bouda (D:5)
  An orc wizard (D:3)
  A gnoll (Bailey)
  A bat zombie (D:1)
  A goblin (Bailey)
  A hobgoblin (Bailey)
  An orc zombie (D:7)
10 creatures vanquished.

Grand Total: 264 creatures vanquished

Notes
Turn   | Place    | Note
-------+----------+-------------------------------------------
     0 | D:1      | Xavori the Djinni Chaos Knight began the quest for the Orb.
     0 | D:1      | Reached XP level 1. HP: 20/20 MP: 0/0
    31 | D:1      | XOM: divination: magic mapping
    89 | D:1      | Reached XP level 2. HP: 25/25 MP: 0/0
   244 | D:1      | Reached XP level 3. HP: 30/30 MP: 0/0
   244 | D:1      | Learned a level 1 spell: Sandblast
   252 | D:1      | Reached skill level 1 in Spellcasting
   252 | D:1      | Reached skill level 1 in Conjurations
   252 | D:1      | Reached skill level 1 in Hexes
   252 | D:1      | Reached skill level 1 in Summonings
   252 | D:1      | Reached skill level 1 in Necromancy
   252 | D:1      | Reached skill level 1 in Translocations
   252 | D:1      | Reached skill level 1 in Fire Magic
   252 | D:1      | Reached skill level 1 in Ice Magic
   252 | D:1      | Reached skill level 1 in Air Magic
   252 | D:1      | Reached skill level 1 in Earth Magic
   252 | D:1      | Reached skill level 1 in Alchemy
   499 | D:2      | XOM: stealth player
   751 | D:1      | XOM: silly message
   846 | D:1      | XOM: cloud trail
   941 | D:1      | XOM: god gift: 5 stones
   963 | D:1      | XOM is BORED!
   963 | D:1      | XOM: give mutations
   963 | D:1      | Gained mutation: You are dopey. (Int -2) [Xom's mischief]
   963 | D:1      | Gained mutation: Your body sometimes deteriorates upon
                  | taking damage. [Xom's mischief]
  1029 | D:1      | XOM: summons 4 hostile shadow creatures
  1172 | D:1      | XOM: give mutation
  1172 | D:1      | Gained mutation: Your muscles are strong. (Str +4, Int/Dex
                  | -1) [Xom's grace]
  1324 | D:1      | XOM: draining
  1441 | D:1      | XOM: give mutations
  1441 | D:1      | Gained mutation: You expend health (3 HP) to strengthen
                  | your wands. [Xom's grace]
  1441 | D:1      | Gained mutation: You have sharp fingernails. [Xom's grace]
  1441 | D:1      | Gained mutation: You are agile. (Dex +4, Str/Int -1) [Xom's
                  | grace]
  1441 | D:1      | Gained mutation: You are partially covered in large bone
                  | plates. (SH +4) [Xom's grace]
  2277 | D:1      | XOM: stat loss: -1 Dex (16/17)
  2633 | D:1      | XOM: god gift: war axe {god gift}
  2731 | D:1      | XOM: silly message
  3056 | D:1      | XOM: summons 1 hostile demon
  3529 | D:1      | XOM: give mutations
  3529 | D:1      | Lost mutation: You are partially covered in large bone
                  | plates. (SH +4) [Xom's mischief]
  3529 | D:1      | Lost mutation: You are dopey. (Int -2) [Xom's mischief]
  4733 | D:1      | XOM: give mutations
  4733 | D:1      | Gained mutation: Your mind is acute. (Int +4, Str/Dex -1)
                  | [Xom's mischief]
  4733 | D:1      | Gained mutation: Your spells are a little harder to cast,
                  | but a little more powerful. [Xom's mischief]
  4733 | D:1      | Gained mutation: You have a pair of small antennae on your
                  | head. [Xom's mischief]
  5118 | D:2      | XOM: 3-stop teleportation journey
  5139 | D:2      | Reached XP level 4. HP: 20/31 MP: 0/0
  5318 | D:2      | Identified the +1 kite shield "Miwnedio" {rPois rN+}
  6115 | D:3      | Reached XP level 5. HP: 33/40 MP: 0/0
  6115 | D:3      | Learned a level 2 spell: Call Imp
  6124 | D:3      | XOM: summons 5 friendly demons
  6158 | D:3      | Lost mutation: You expend health (3 HP) to strengthen your
                  | wands. [potion of mutation]
  6158 | D:3      | Lost mutation: Your muscles are strong. (Str +4, Int/Dex
                  | -1) [potion of mutation]
  6158 | D:3      | Lost mutation: Your mind is acute. (Int +4, Str/Dex -1)
                  | [potion of mutation]
  6158 | D:3      | Gained mutation: You are partially covered in large bone
                  | plates. (SH +4) [potion of mutation]
  6158 | D:3      | Gained mutation: You have hidden genetic potential. [potion
                  | of mutation]
  6180 | D:3      | Reached skill level 1 in Shields
  6195 | D:3      | Reached XP level 6. HP: 15/46 MP: 0/0
  6287 | D:3      | XOM: give mutations
  6287 | D:3      | Gained mutation: You are very agile. (Dex +8, Str/Int -2)
                  | [Xom's grace]
  6287 | D:3      | Lost mutation: You have hidden genetic potential. [Xom's
                  | grace]
  6287 | D:3      | Gained mutation: You are somewhat resistant to further
                  | mutation. [Xom's grace]
  6287 | D:3      | Lost mutation: You are somewhat resistant to further
                  | mutation. [Xom's grace]
  6287 | D:3      | Gained mutation: You have hidden genetic potential. [Xom's
                  | grace]
  6287 | D:3      | Gained mutation: You possess an exceptional clarity of
                  | mind. [Xom's grace]
  6461 | D:3      | Found a snail-covered altar of Cheibriados.
  7071 | D:4      | Found a shadowy altar of Dithmenos.
  7142 | D:4      | Found Ciroir's Armour Shoppe.
  7144 | D:4      | Found Dyamaces's Antique Armour Shoppe.
  7144 | D:4      | Found Tulafeh's Antique Armour Shoppe.
  7146 | D:4      | Found Noixy's Weapon Shoppe.
  7408 | D:4      | Reached XP level 7. HP: 48/51 MP: 0/0
  7408 | D:4      | Learned a level 3 spell: Volatile Blastmotes
  7460 | D:4      | Noticed Edmund
  7467 | D:4      | XOM: confuse monster(s)
  7489 | D:4      | XOM: potion effect (heal wounds)
  7508 | D:4      | Killed Edmund
  7519 | D:4      | Gained mutation: You are strong-willed. (Will+) [hidden
                  | potential]
  7591 | D:4      | XOM: god gift: 2 boomerangs
  7831 | D:5      | Entered Level 5 of the Dungeon
  8050 | D:5      | Found a basalt altar of Yredelemnul.
  8053 | D:5      | Found a burning altar of Makhleb.
  8193 | D:5      | Noticed a yak
  8193 | D:5      | Noticed a yak
  8207 | D:6      | Reached XP level 8. HP: 58/58 MP: 0/0
  8207 | D:6      | XOM: fake destruction
  8226 | D:6      | XOM: butterfly on damage
  8232 | D:6      | XOM: scenery: 2 doors open
  8248 | D:6      | Gained mutation: You are covered in fur. (AC +1) [hidden
                  | potential]
  8248 | D:6      | Lost mutation: You have hidden genetic potential. [hidden
                  | potential expressed]
  8258 | D:6      | Found a runed translucent door.
  8382 | D:6      | Noticed ChongLi's ghost (novice VSBr)
  8657 | D:6      | XOM: summons 5 hostile demons
  8707 | D:5      | Reached skill level 5 in Fighting
  8707 | D:5      | Reached XP level 9. HP: 62/65 MP: 0/0
  8707 | D:5      | Learned a level 3 spell: Ozocubu's Armour
  8782 | D:5      | XOM: polymorph yak -> endoplasm
  8793 | D:5      | XOM: fog
  8796 | D:5      | XOM: divination: magic mapping
  8801 | D:5      | Reached skill level 5 in Dodging
  8805 | D:5      | a yak changed into a raiju
  8805 | D:5      | Noticed a raiju
  8809 | D:5      | Killed a raiju
  8864 | D:5      | XOM: silly message
  8865 | D:5      | XOM: silly message
  8918 | D:5      | XOM: chaos upgrade
  8947 | D:5      | XOM: stat loss: -1 Str (8/9)
  9000 | D:5      | XOM: scenery: summon butterflies
  9331 | D:6      | Found a staircase to the Ecumenical Temple.
  9516 | D:6      | XOM: give mutations
  9516 | D:6      | Lost mutation: You are partially covered in large bone
                  | plates. (SH +4) [Xom's mischief]
  9516 | D:6      | Gained mutation: Your muscles are strong. (Str +4, Int/Dex
                  | -1) [Xom's mischief]
  9593 | D:7      | XOM: noise
  9593 | D:7      | Noticed Dowan
  9593 | D:7      | Noticed Joseph
  9594 | D:7      | Dowan changed into Dowan the dart slug
  9594 | D:7      | Noticed Dowan
  9594 | D:7      | XOM: polymorph Dowan -> Dowan the dart slug
  9594 | D:7      | Noticed Duvessa
  9657 | D:7      | Reached skill level 5 in Long Blades
  9785 | D:7      | Found a sacrificial altar of Ru.
  9839 | D:7      | Killed Duvessa
  9842 | D:7      | Killed Dowan the dart slug
  9885 | D:7      | XOM: confuse monster(s)
  9939 | D:7      | Killed Joseph
  9940 | D:7      | Reached skill level 5 in Armour
  9940 | D:7      | Reached XP level 10. HP: 50/72 MP: 0/0
 10096 | D:7      | Reached skill level 5 in Spellcasting
 10096 | D:7      | Reached skill level 5 in Conjurations
 10096 | D:7      | Reached skill level 5 in Hexes
 10096 | D:7      | Reached skill level 5 in Summonings
 10096 | D:7      | Reached skill level 5 in Necromancy
 10096 | D:7      | Reached skill level 5 in Translocations
 10096 | D:7      | Reached skill level 5 in Fire Magic
 10096 | D:7      | Reached skill level 5 in Ice Magic
 10096 | D:7      | Reached skill level 5 in Air Magic
 10096 | D:7      | Reached skill level 5 in Earth Magic
 10096 | D:7      | Reached skill level 5 in Alchemy
 10587 | D:7      | Identified 2 scrolls of acquirement
 10588 | D:7      | Acquired 706 gold pieces
 10590 | D:7      | Acquired the ring "Qorhy" {rElec rPois Slay+3 SInv Stlth+}
 10666 | D:4      | Bought the +6 double sword of Deformation {flame, Int-3
                  | Dex+6} for 984 gold pieces
 10738 | D:6      | XOM: summons friendly quasit
 10743 | D:6      | Killed ChongLi's ghost
 10744 | D:6      | Reached skill level 5 in Shields
 10753 | D:6      | XOM: polymorph quasit -> shadow imp
 10810 | D:7      | XOM: smoke on damage
 10892 | D:8      | Found a sparkling altar of Nemelex Xobeh.
 10894 | D:8      | XOM: destruction
 11087 | D:8      | XOM: cast spell 'Summon Mana Viper'
 11091 | D:7      | XOM: divination: magic mapping
 11226 | D:8      | XOM: divination: magic mapping
 11273 | D:8      | Noticed Erica
 11274 | D:8      | Noticed an unseen horror
 11281 | D:8      | Killed an unseen horror
 11283 | D:8      | XOM: cast spell 'Summon Mana Viper'
 11286 | D:8      | Killed Erica
 11382 | D:8      | Reached XP level 11. HP: 63/78 MP: 0/0
 11382 | D:8      | Learned a level 5 spell: Fireball
 11469 | D:8      | XOM: cloud trail
 11501 | D:8      | Found a white marble altar of Elyvilon.
 11690 | D:9      | Found a broken altar of Ashenzari.
 11694 | D:9      | Saw a vision of the Shoals and the Snake Pit.
 11694 | D:9      | Noticed a merfolk impaler
 11694 | D:9      | Noticed a manticore
 11696 | D:9      | Noticed a sea snake
 11697 | D:9      | Noticed a manticore
 11734 | D:9      | XOM: summons 5 hostile demons
 11735 | D:9      | Noticed a soul eater
 11756 | D:9      | Reached skill level 1 in Evocations
 11776 | D:9      | XOM: god gift: 28 gold pieces
 11928 | D:9      | Noticed a death yak
 11943 | D:9      | Noticed a death yak
 11953 | D:9      | Noticed a death yak
 11954 | D:9      | XOM: confuse monster(s)
 11957 | D:9      | XOM: cast spell 'Metabolic Englaciation'
 11971 | D:9      | Killed a death yak
 12179 | D:9      | Identified the ring "Syfun" {Ice rPois}
 12201 | D:9      | XOM: cast spell 'Cause Fear'
 12228 | D:9      | Found a flagged portal.
 12239 | Bailey   | Entered a bailey
 12329 | Bailey   | XOM: destruction
 12331 | Bailey   | XOM: enchant monster (good)
 12482 | Bailey   | Noticed an orc warlord
 12493 | Bailey   | Mangled by an orc warlord

Illustrated notes

Levels and vault maps discovered:
D:1:      dpeg_arrival_court, layout_rooms
D:2:      layout_basic, minmay_vboxes
D:3:      layout_loops_cross, palyth_temple_overflow_mages, cheibriados_altar_1,
          palyth_stone_intersect, minmay_misc_feat_four_crosses
D:4:      layout_basic, nicolae_dithmenos_shadow_blocks,
          minmay_shop_grid_forest, uniq_edmund
D:5:      layout_rooms, nicolae_overflow_squiral, minivault_24,
          grunt_ministairs_6
D:6:      layout_gridville, minmay_temple_entry_drinking_statues, serial_undead,
          serial_undead_e, serial_undead_e, serial_undead_b, serial_undead_c,
          ebering_ghost_sewer_d, minmay_misc_feat_pillars, minmay_quadrilaterals
D:7:      layout_loops_ring, mainiacjoe_overflow_alcove_1, uniq_duvessa,
          uniq_joseph
D:8:      layout_rooms, mainiacjoe_overflow_concentric_impassable,
          nemelex_xobeh_ov_fountains_minmay, uniq_erica
D:9:      layout_rooms, grunt_ashenzari_visionary
          [grunt_ashenzari_visionary_shoals, grunt_ashenzari_visionary_snake],
          dpeg_lair_monsters, enter_bailey_2, feat_on_display
Bailey:   bailey_axe_minmay_hex_keep, bailey

Skill      XL: |  1  2  3  4  5  6  7  8  9 10 11 |
---------------+----------------------------------+-----
Spellcasting   | 1 2 3 4 5 6 |  6.5
Conjurations   | 1 2 3 4 5 6 |  6.5
Hexes          | 1 2 3 4 5 6 |  6.5
Summonings     | 1 2 3 4 5 6 |  6.5
Necromancy     | 1 2 3 4 5 6 |  6.5
Translocations | 1 2 3 4 5 6 |  6.5
Fire Magic     | 1 2 3 4 5 6 |  6.5
Ice Magic      | 1 2 3 4 5 6 |  6.5
Air Magic      | 1 2 3 4 5 6 |  6.5
Earth Magic    | 1 2 3 4 5 6 |  6.5
Alchemy        | 1 2 3 4 5 6 |  6.5
Long Blades    | 3 4 5 6 |  6.7
Armour         | 2 3 4 5 6 |  6.7
Dodging        | 3 4 6 7 |  7.6
Shields        | 1 2 3 4 5 6 |  6.4
Fighting       | 4 5 6 7 |  7.3
Evocations     | 2 |  2.2

Action                     |  1- 3 |  4- 6 |  7- 9 | 10-12 || total
---------------------------+-------+-------+-------+-------++-------
  Melee: Falchion          |    99 |   149 |   222 |    32 ||   502
         Double sword      |       |       |       |   219 ||   219
   Cast: Call Imp          |       |       |     2 |     6 ||     8
    Use: Scroll            |       |     4 |     1 |     8 ||    13
         Potion            |       |     4 |       |       ||     4
   Stab: Sleeping          |     1 |     3 |     4 |     1 ||     9
         Confused          |       |     1 |     7 |       ||     8
         Distracted        |       |     1 |     1 |     4 ||     6
         Paralysed         |       |       |     2 |       ||     2
 Armour: Leather armour    |    75 |    89 |   123 |   116 ||   403
         Skin              |       |   141 |       |       ||   141
  Dodge: Dodged            |    88 |    46 |   102 |   228 ||   464
  Block: Kite shield       |       |   101 |   250 |   329 ||   680

Table legend: (Time is in decaauts)
 A = Elapsed time spent in this place.
 B = Non-inter-level travel time spent in this place.
 C = Inter-level travel time spent in this place.
 D = Time resting spent in this place.
 E = Time spent auto-exploring this place.
 F = Levels seen in this place.
 G = Mean time per level.
                   A        B        C        D        E       F      G
               +--------+--------+--------+--------+--------+-----+--------+
         Total |  12728 |  12293 |    435 |   5127 |   5157 |  10 | 1272.8 |
       Dungeon |  12448 |  12013 |    435 |   5127 |   5035 |   9 | 1383.1 |
        Bailey |    280 |    280 |      0 |      0 |    122 |   1 |  280.0 |
               +--------+--------+--------+--------+--------+-----+--------+

Top non-repeatable levels by time:
     D:1: 4669 daAuts
     D:2: 1374 daAuts
     D:7: 1373 daAuts
     D:6: 1130 daAuts
     D:4: 998 daAuts
     D:3: 906 daAuts
     D:5: 888 daAuts
     D:8: 655 daAuts
     D:9: 451 daAuts
  Bailey: 280 daAuts
